 Dungeon Crawl Stone Soup version 0.31.0-11-ge490571c62 (webtiles) character file.

Game seed: 17527582023925871250

119 Gadfly the Ruffian (level 4, -1/48 (49) HPs)
             Began as a Demonspawn Shapeshifter on Jan 27, 2024.
             Incinerated by a bombardier beetle (4 damage)
             ... with a burning spray
             ... on level 3 of the Dungeon.
             The game lasted 00:02:46 (2189 turns).

Gadfly the Ruffian (Demonspawn Shapeshifter)        Turns: 2189, Time: 00:02:46

HP:   -1/48 (49)    AC: 22    Str: 16    XL:     4   Next: 74%
MP:   4/4           EV:  2    Int: 10    God:
Gold: 93            SH:  0    Dex: 13    Spells: 3/3 levels left

rFire   . . .        b - +1 dagger (venom)
rCold   . . .        (no shield)
rNeg    . . .        a - melded +0 animal skin
rPois   +            l - melded +0 helmet
rElec   .            (cloak currently unavailable)
rCorr   .            m - melded +0 pair of gloves
SInv    .            (boots currently unavailable)
Will    +....        (no amulet)
Stlth   +            (no ring)
HPRegen 0.28/turn    (no ring)
MPRegen 0.09/turn

%: no passive effects
@: on fire, tree-form, enlightened, glowing, lightly drained
A: stationary, stasis, torment immunity, boosted hp, (hooves 2)
a: no special abilities


You were on level 3 of the Dungeon.
You were a tree.
You visited 1 branch of the dungeon, and saw 3 of its levels.

You collected 93 gold pieces.

Inventory:

Hand Weapons
 b - a +1 dagger of venom (weapon)
 g - a +1 whip of freezing
Armour
 a - a +0 animal skin (melded)
 l - a +0 helmet (melded)
 m - a +0 pair of gloves (melded)
Talismans
 c - a beast talisman (active)
 d - a flux talisman
Scrolls
 k - a scroll of enchant armour {unknown}
 n - a scroll of teleportation
Potions
 e - a potion of cancellation
 f - 2 potions of lignification
 i - a potion of degeneration {unknown}
 j - a potion of heal wounds {unknown}


   Skills:
 + Level 2.0 Fighting
 * Level 2.7 Dodging
 + Level 3.2 Unarmed Combat
 * Level 2.0 Evocations
 + Level 3.0 Shapeshifting


You had 3 spell levels left.
You didn't know any spells.
Your spell library contained the following spells:

 Spells                   Type           Power      Damage    Failure   Level
 Dazzling Flash           Conj/Hex       0%         N/A       75%         3
 Mephitic Cloud           Conj/Alch/Air  0%         N/A       75%         3
 Vhi's Electric Charge    Tloc/Air       0%         N/A       98%         4
 Arcjolt                  Conj/Air       0%         1d10      100%        5
 Curse of Agony           Necr           0%         N/A       100%        5
 Silence                  Hex/Air        0%         N/A       100%        5
 Plasma Beam              Fire/Air       0%         2x1d10    100%        6


Dungeon Overview and Level Annotations

Branches:
Dungeon (3/15)

Altars:


Innate Abilities, Weirdness & Mutations

You are a tree.
Your roots penetrate the ground, keeping you stationary.
You cannot be teleported.
You are immune to unholy pain and torment.
Your maximum health is greatly increased.
Your equipment is partially melded.
((You have hoof-like feet.))


Message History

You are too confused!
You are too confused!
You are too confused!
You are too confused!
The orc attacks as it pursues you! The orc closely misses you.
You're too confused to move!
The orc hits you with a +0 falchion.
You barely miss the orc. The orc hits you with a +0 falchion.
A magic dart appears from out of thin air!
The magic dart hits you!
The bombardier beetle sprays incendiary fluid at you.
The burning spray hits you.
You are covered in liquid fire!
You bump into the rock wall.
The liquid fire burns you!
You bump into the rock wall.
The liquid fire burns you!
You feel less confused. The orc hits you with a +0 falchion!
The orc barely misses you.
You closely miss the orc. The liquid fire burns you!
* * * LOW HITPOINT WARNING * * *
The orc closely misses you. The orc barely misses you. Something hits you.
* * * LOW HITPOINT WARNING * * *
Unknown command.
Your transformation has ended.
Your +0 helmet unmelds from your body.
Your +0 pair of gloves unmelds from your body.
You turn into a tree.
Your +0 helmet melds into your body.
Your +0 pair of gloves melds into your body.
Your +0 animal skin melds into your body.
Your roots penetrate the ground.
The liquid fire burns you!
* * * LOW HITPOINT WARNING * * *
The orc hits you but does no damage.
You feel drained. The orc hits you with a +0 falchion.
* * * LOW HITPOINT WARNING * * *
Something hits you but does no damage.
It was a potion of enlightenment.
Your roots keep you in place.
The liquid fire burns you!
You die...

#####...8#..#8...#....†.....
#...+....+...#..........
#...8####8...#..........
#............#..........
##.#####.#.###........#+
#................#####
######.................
#oo...>......<....
#♣..))..... ##.##.
#.B........ # #. #..........
#. #.......... # #..........
#.......... #..........
#........


You could see a bombardier beetle and 2 orcs.

Vanquished Creatures
  An orc priest (D:3)
  4 adders
  2 ribbon worms (D:2)
  A dart slug (D:1)
  An orc (D:3)
  4 endoplasms
  2 giant cockroaches
  4 goblins
  4 hobgoblins
  2 quokkas
  7 ball pythons
  3 bats
  4 frilled lizards
  6 kobolds
  3 rats
48 creatures vanquished.

Notes
Turn   | Place    | Note
-------+----------+-------------------------------------------
     0 | D:1      | Gadfly the Demonspawn Shapeshifter began the quest for the
                  | Orb.
     0 | D:1      | Reached XP level 1. HP: 15/15 MP: 1/1
   148 | D:1      | Gained mutation: You have large cloven feet. [demonic
                  | ancestry]
   148 | D:1      | Reached XP level 2. HP: 20/21 MP: 2/2
   567 | D:1      | Reached skill level 1 in Evocations
   622 | D:1      | Found a faded altar of an unknown god.
  1007 | D:2      | Gained mutation: You have hoof-like feet. [demonic
                  | ancestry]
  1007 | D:2      | Reached XP level 3. HP: 13/26 MP: 3/3
  1760 | D:2      | Reached XP level 4. HP: 29/33 MP: 4/4
  2189 | D:3      | Incinerated by a bombardier beetle

Illustrated notes

Levels and vault maps discovered:
D:1:      dpeg_arrival_shrine, layout_basic,
          hellmonk_ecumenical_altar_pennies_from_heaven
D:2:      minmay_door_path, layout_basic, kennysheep_boxes
D:3:      layout_basic, jmf_multi_god_temple2

Skill      XL: |  1  2  3  4 |
---------------+-------------+-----
Dodging        | 2 |  2.7
Evocations     | 1 2 |  2.0
Unarmed Combat | 3 |  3.2
Shapeshifting  | 3 |  3.0
Fighting       | 2 |  2.0

Action                     |  1- 3 |  4- 6 || total
---------------------------+-------+-------++-------
  Melee: Unarmed           |    33 |       ||    33
         Punch             |     4 |       ||     4
         Dagger            |    63 |    22 ||    85
         Kick              |    22 |     5 ||    27
Ability: Begin Untransform |     1 |     1 ||     2
    Use: Potion            |       |     3 ||     3
         Scroll            |       |     1 ||     1
   Stab: Sleeping          |     2 |       ||     2
 Armour: Animal skin       |    54 |    18 ||    72
         Skin              |       |     3 ||     3
  Dodge: Dodged            |    35 |    11 ||    46
   Form: Beast             |     1 |     1 ||     2
